Cogmind - Beta 13 @@@ ROGUE MODE // 2024.04.18 @ 16:46:42 Player: AshCrow Result: Destroyed by S-27 Virus with Autogun Performance ------------- Evolutions (1) 500 Regions Visited (5) 1000 Robots Destroyed (27) 135 Value Destroyed (675) 675 Prototype IDs (4) 80 Alien Tech Used (0) 0 Bonus (600) 600 TOTAL SCORE: 2990 Bonus ------- Met Imprinter 300 Was Imprinted 300 Cogmind --------- Core Integrity 0/400 Matter 188/300 Energy 87/100 System Corruption 0% Temperature Cool (0) Movement Core (350) Ox6 Location -6/Proximity Caves Parts ------- > --- POWER (2) -------- (None) > --- PROPULSION (2) --- (None) > --- UTILITY (3) ------ 0b10 Decoder Chip [Generic] Phasing AFG > --- WEAPON (2) ------- (None) > --- INVENTORY (5) ---- Particle Charger Hacking Drone Bay (1/1) CR-A16's Pointy Stick Peak State ------------ > --- POWER ------------ (None) > --- PROPULSION ------- Wheel > --- UTILITY ---------- 0b10 Decoder Chip [Generic] Phasing AFG > --- WEAPON ----------- Advanced Beam Cannon Advanced Assault Cannon > --- INVENTORY -------- Particle Charger Hacking Drone Bay CR-A16's Pointy Stick [Rating: 27] Favorites ----------- Power Light Ion Engine Engine Light Ion Engine Propulsion Wheel Leg Aluminum Leg Wheel Wheel Utility Shield Generator Device Shield Generator Storage High-capacity Matter Pod Processor 0b10 Decoder Chip [Generic] Weapon Advanced Beam Cannon Energy Gun EM Pulse Gun Energy Cannon Advanced Beam Cannon Ballistic Gun Autogun Ballistic Cannon Advanced Assault Cannon Launcher Rocket Launcher Build | -11 -10 -9 -9 -7 -6 ------- Run | Yrd Mat Mat Min Zio Pro Slots Evolved 2 | . . 2 . . . Power 1 | . . 1 . . . Propulsion . | . . . . . . Utility 1 | . . 1 . . . Weapon . | . . . . . . Parts Attached 33 | 5 16 5 . 4 3 Power 7 | 1 3 3 . . . Engine 7 | 1 3 3 . . . Core . | . . . . . . Reactor . | . . . . . . Propulsion 6 | 2 4 . . . . Treads . | . . . . . . Leg 2 | 2 . . . . . Wheel 4 | . 4 . . . . Hover . | . . . . . . Flight . | . . . . . . Utility 8 | . 4 1 . 2 1 Device 5 | . 2 1 . 1 1 Storage 1 | . 1 . . . . Processor 2 | . 1 . . 1 . Hackware . | . . . . . . Protection . | . . . . . . Artifact . | . . . . . . Weapon 12 | 2 5 1 . 2 2 Energy Gun 2 | 1 1 . . . . Energy Cannon 1 | . . 1 . . . Ballistic Gun 6 | 1 4 . . 1 . Ballistic Cannon 2 | . . . . 1 1 Launcher 1 | . . . . . 1 Special Weapon . | . . . . . . Impact Weapon . | . . . . . . Slashing Weapon . | . . . . . . Piercing Weapon . | . . . . . . Special Melee Weapon . | . . . . . . Unidentified Prototypes 3 | . . . . 2 1 Parts Lost 11 | . 2 . . . 9 Power 3 | . 1 . . . 2 Propulsion 2 | . . . . . 2 Utility 2 | . . . . . 2 Weapon 4 | . 1 . . . 3 Highest Loss Streak 5 | . 2 . . . 5 To Critical Strikes . | . . . . . . Average Slot Usage (%) 95 | . 79 98 100 100 70 Engine 19 | . 12 20 22 22 9 Leg 1 | . 13 . . . . Wheel 20 | . 13 22 22 22 16 Device 23 | . 2 22 22 28 12 Storage 4 | . 6 11 11 2 . Processor 2 | . 8 . . 1 11 Energy Cannon 8 | . . 6 11 11 10 Ballistic Gun 6 | . 14 15 11 3 . Ballistic Cannon 5 | . . . . 7 9 Naked Turns . | . . . . . . Heaviest Build 28 | 6 15 22 22 22 28 Greatest Support 20 | 20 20 20 20 20 20 Greatest Overweight (x) 6 | . 2 1 1 1 6 Average Overweight (x) . | . . . 1 . . Largest Inventory Capacity 5 | 5 5 5 5 5 5 Average Capacity 5 | 5 5 5 5 5 5 Most Carried 5 | 3 5 4 4 5 5 Average Carried 3 | 1 3 2 3 4 4 Final Capacity 5 | 5 5 5 5 5 5 Final Carried 5 | 3 3 3 4 5 3 Class Distribution -------------------- 100% | Mutant Dominant Class ---------------- Mutant | -10/Materials Mutant | -9/Materials Mutant | -9/Mines Mutant | -7/Zion Mutant | -6/Proximity Caves Resources | -11 -10 -9 -9 -7 -6 ----------- Run | Yrd Mat Mat Min Zio Pro Matter Collected 716 | 254 112 278 . 72 . Remotely . | . . . . . . Salvage Created 778 | 73 309 317 . . 79 Parts 40 | 1 19 18 . . 2 Haulers Intercepted . | . . . . . . Recyclers Shooed . | . . . . . . Parts Field Recycled . | . . . . . . Retrieved Matter . | . . . . . . Parts Self-Destructed 2 | . . . . . 2 Prevented . | . . . . . . Kills | -11 -10 -9 -9 -7 -6 ------- Run | Yrd Mat Mat Min Zio Pro Combat Hostiles Destroyed 23 | 1 8 11 . . 3 Guns 16 | 1 8 7 . . . Cannons 5 | . . 4 . . 1 AOE 2 | . . . . . 2 Classes Destroyed 4 | 2 2 . . . . Worker 1 | 1 . . . . . Watcher 3 | . 1 2 . . . Swarmer 10 | . 3 7 . . . Grunt 13 | 1 5 4 . . 3 Best Kill Streak 5 | 1 5 4 . . 3 Combat Bots Only 4 | 1 4 4 . . 3 Max Kills in Single Turn 2 | 1 1 1 . . 2 Gunslinging . | . . . . . . Exploded 2 | . . . . . 2 Melee . | . . . . . . Uniques/NPCs Destroyed . | . . . . . . Combat | -11 -10 -9 -9 -7 -6 -------- Run | Yrd Mat Mat Min Zio Pro Hostile Shots Fired 167 | 2 56 38 . . 71 Missed 45 | . 17 9 . . 19 Damage Taken 1552 | 21 415 207 . . 909 Core 495 | 10 75 74 . . 336 Absorbed by Shields 138 | . . 81 . . 57 Core Remaining (%) 81 | 96 66 . . . . Volleys Fired 66 | 4 25 24 . . 13 Largest 2 | 2 2 2 . . 2 Hottest 116 | 60 65 91 . . 116 Shots Fired 123 | 8 45 48 . . 22 Gun 87 | 8 45 34 . . . Cannon 33 | . . 14 . . 19 Launcher 3 | . . . . . 3 Special . | . . . . . . Kinetic 73 | 4 26 34 . . 9 Thermal 25 | . 1 14 . . 10 Explosive 3 | . . . . . 3 Electromagnetic 22 | 4 18 . . . . Robot Hit Streak 7 | 3 7 4 . . 4 Robot Miss Streak 4 | 1 3 4 . . 2 Penetration Max . | . . . . . . Secondary Targets 3 | . 3 . . . . Max Gunslinging Chain 1 | . 1 . . . . Shots Hit Robots 65 | 5 28 19 . . 13 Core Hits 42 | 2 16 13 . . 11 Critical Kills . | . . . . . . Critical Parts Destroyed . | . . . . . . Critical Strikes . | . . . . . . Melee Attacks . | . . . . . . Impact . | . . . . . . Slashing . | . . . . . . Piercing . | . . . . . . Sneak Attacks . | . . . . . . Combat Hostiles . | . . . . . . Follow-up Attacks . | . . . . . . Damage Inflicted 1349 | 58 323 352 . . 616 Guns 590 | 58 323 209 . . . Cannons 433 | . . 143 . . 290 Explosions 326 | . . . . . 326 Melee . | . . . . . . Ramming . | . . . . . . Kinetic 528 | 6 147 209 . . 166 Thermal 267 | . . 143 . . 124 Explosive 326 | . . . . . 326 Electromagnetic 228 | 52 176 . . . . Impact . | . . . . . . Slashing . | . . . . . . Piercing . | . . . . . . Highest Corruption . | . . . . . . Average Corruption . | . . . . . . Corruption Purged . | . . . . . . Corruption Blocked . | . . . . . . Overload Shots . | . . . . . . Overflow Damage 7 | . . . . . 7 Projectiles 1 | . . . . . 1 Explosions 6 | . . . . . 6 Melee . | . . . . . . Knockbacks 1 | . . . . . 1 Impact . | . . . . . . Kinetic 1 | . . . . . 1 Secondary . | . . . . . . Self-Inflicted Damage 14 | . . . . . 14 Shots 1 | . . . . . 1 Rammed . | . . . . . . Targets Rammed . | . . . . . . Kicked . | . . . . . . Crushed . | . . . . . . Highest Temperature 292 | 52 106 292 . . 288 Average Temperature 82 | 29 49 81 . . 135 Received Heat Transfer 545 | 12 159 66 . . 308 Effects 1 | . . . . . 1 Energy Bleed 1 | . . . . . 1 Siege Activations . | . . . . . . Robots Corrupted . | . . . . . . Combat Hostiles . | . . . . . . Parts Fried . | . . . . . . Impact Corruptions . | . . . . . . Robots Melted . | . . . . . . Combat Hostiles . | . . . . . . Parts Melted 1 | . . 1 . . . Heat Transferred 481 | . . 259 . . 222 Parts Sabotaged . | . . . . . . Parts Stolen . | . . . . . . Parts Stripped . | . . . . . . Power Chain Reactions . | . . . . . . Alert | -11 -10 -9 -9 -7 -6 ------- Run | Yrd Mat Mat Min Zio Pro Peak Influence 329 | 25 263 329 120 . . Initial 120 | . 16 110 120 . . Average 163 | 5 174 210 120 . . Maximum Alert Level 1 | . 1 1 . . . Low Security (%) 60 | 100 50 52 100 . . Level 1 39 | . 49 47 . . . Level 2 . | . . . . . . Level 3 . | . . . . . . Level 4 . | . . . . . . Level 5 . | . . . . . . High Security . | . . . . . . Max Security . | . . . . . . Squads Dispatched 4 | . 2 2 . . . Investigation 1 | . . 1 . . . Extermination . | . . . . . . Reinforcement 3 | . 2 1 . . . Assault . | . . . . . . Garrison . | . . . . . . Intercept . | . . . . . . Searches Triggered . | . . . . . . Construction Impeded . | . . . . . . Haulers Reinforced . | . . . . . . Active Scanning Responses . | . . . . . . Cargo Convoy Interrupts . | . . . . . . Stealth | -11 -10 -9 -9 -7 -6 --------- Run | Yrd Mat Mat Min Zio Pro Distress Signals 3 | . 2 1 . . . Communications Jammed . | . . . . . . Distress Signals . | . . . . . . Times Spotted 40 | 1 14 18 . . 7 Peak Tracking Total 5 | 1 5 4 . . 4 Tactical Retreats 1 | . 1 . . . . Traps | -11 -10 -9 -9 -7 -6 ------- Run | Yrd Mat Mat Min Zio Pro Traps Triggered 3 | . 3 . . . . Indirectly . | . . . . . . Trap Hack Attempts . | . . . . . . Triggered . | . . . . . . Disarmed . | . . . . . . Reprogrammed . | . . . . . . Reused . | . . . . . . Traps Extracted . | . . . . . . Installed . | . . . . . . Triggered . | . . . . . . Machines | -11 -10 -9 -9 -7 -6 ---------- Run | Yrd Mat Mat Min Zio Pro Machines Disabled 1 | . . 1 . . . Max in Single Turn 1 | . . 1 . . . Machines Repaired . | . . . . . . Machines Dismantled . | . . . . . . Machines Sabotaged . | . . . . . . Overloaded Fab Kills . | . . . . . . Hacking | -11 -10 -9 -9 -7 -6 --------- Run | Yrd Mat Mat Min Zio Pro Machines Accessed 5 | . . 4 . 1 . Terminals 2 | . . 2 . . . Fabricators . | . . . . . . Repair Stations . | . . . . . . Recycling Units 1 | . . 1 . . . Scanalyzers 1 | . . 1 . . . Garrison Access . | . . . . . . Total Hacks 18 | . . 15 . 3 . Successful 13 | . . 10 . 3 . Failed 5 | . . 5 . . . Catastrophic 2 | . . 2 . . . Database Lockouts . | . . . . . . Manual 3 | . . . . 3 . Terminals 7 | . . 7 . . . Fabricators . | . . . . . . Repair Stations . | . . . . . . Recycling Units 6 | . . 6 . . . Scanalyzers 2 | . . 2 . . . Garrison Access . | . . . . . . Terminal Hacks 7 | . . 4 . 3 . Part Schematic 3 | . . . . 3 . Alert Level 1 | . . 1 . . . Unreport Threat 1 | . . 1 . . . Locate Traps 1 | . . 1 . . . Zone Layout 1 | . . 1 . . . Fabricator Hacks . | . . . . . . Repair Station Hacks . | . . . . . . Recycling Unit Hacks 4 | . . 4 . . . Recycle Component 1 | . . 1 . . . Process 1 | . . 1 . . . Report Inventory 1 | . . 1 . . . Retrieve Matter 1 | . . 1 . . . Scanalyzer 2 | . . 2 . . . Insert Component 1 | . . 1 . . . Analyze 1 | . . 1 . . . Garrison Access Hacks . | . . . . . . Unauthorized Hacks . | . . . . . . Terminals . | . . . . . . Fabricators . | . . . . . . Repair Stations . | . . . . . . Recycling Units . | . . . . . . Scanalyzers . | . . . . . . Garrison Access . | . . . . . . Data Cores Recovered . | . . . . . . Used . | . . . . . . Hacking Detections 1 | . . 1 . . . Full Trace Events 1 | . . 1 . . . Feedback Events . | . . . . . . Feedback Blocked . | . . . . . . Robot Schematics Acquired 3 | . . . . 3 . Robots Built . | . . . . . . Authchips . | . . . . . . Time . | . . . . . . Total Robot Build Rating . | . . . . . . Part Schematics Acquired 18 | . . 1 . 17 . Parts Built . | . . . . . . Authchips . | . . . . . . Time . | . . . . . . Total Part Build Rating . | . . . . . . Parts Repaired . | . . . . . . Time . | . . . . . . Parts Recycled 1 | . . 1 . . . Recycled Matter 94 | . . 94 . . . Retrieved Matter 94 | . . 94 . . . Retrieved Components . | . . . . . . Parts Scanalyzed 1 | . . 1 . . . Part Schematics Acquired 1 | . . 1 . . . Parts Damaged . | . . . . . . Bothacking | -11 -10 -9 -9 -7 -6 ------------ Run | Yrd Mat Mat Min Zio Pro Used RIF Installer . | . . . . . . Robots Hacked . | . . . . . . Non-combat . | . . . . . . Combat . | . . . . . . Robot Hacks Applied . | . . . . . . Relay Couplers Released . | . . . . . . Fabnet Peak Effective % . | . . . . . . Robots Rewired . | . . . . . . Allies Hacked . | . . . . . . Hacks Repelled . | . . . . . . Allies | -11 -10 -9 -9 -7 -6 -------- Run | Yrd Mat Mat Min Zio Pro Total Allies 8 | . . . . 8 . Largest Group 8 | . . . . 8 1 Highest-Rated Group 248 | . . . . 248 14 Highest-Rated Ally 39 | . . . . 39 14 Total Orders 3 | . . . . 3 . FOLLOW 1 | . . . . 1 . EXPLORE 1 | . . . . 1 . RETURN 1 | . . . . 1 . Ally Attacks 2 | . . . . . 2 Total Damage 19 | . . . . . 19 Kills . | . . . . . . Allies Corrupted . | . . . . . . Allies Melted . | . . . . . . Intel | -11 -10 -9 -9 -7 -6 ------- Run | Yrd Mat Mat Min Zio Pro Robot Analysis Total . | . . . . . . Derelict Logs Recovered 1 | . . . . 1 . Drone Launches 1 | . . . . 1 . Drone Recoveries 1 | . . . . 1 . Exploration | -11 -10 -9 -9 -7 -6 ------------- Run | Yrd Mat Mat Min Zio Pro Turns Passed 2405 | 127 277 396 24 1464 117 Spaces Moved 2037 | 85 184 338 25 1334 71 Core 32 | 20 11 . . . 1 Treads . | . . . . . . Legs 117 | 65 52 . . . . Wheels 1888 | . 121 338 25 1334 70 Hover . | . . . . . . Flight . | . . . . . . Fastest Speed 50 | 50 80 80 95 80 80 Average Speed 92 | 103 93 83 95 94 91 Slowest Speed 350 | 120 150 95 95 95 350 Overloaded Moves . | . . . . . . Propulsion Burnouts . | . . . . . . Robots Hopped . | . . . . . . Cave-ins Triggered . | . . . . . . Exploration Rate (%) 31 | 9 39 30 11 87 10 Regions Visited 5 Branch Regions 3 Pre-discovered Areas 3 | . . . . 3 . Known Exits Taken . | . . . . . . Unknown Exits Taken 5 | 1 1 1 1 1 . Scrap Searched 3 | . . . . 3 . Spaces Dug . | . . . . . . Terrain Destroyed 33 | . . . . . 33 Melee . | . . . . . . Projectile 5 | . . . . . 5 AOE 28 | . . . . . 28 Terrain Rammed . | . . . . . . Walls Destroyed . | . . . . . . Machines Disabled . | . . . . . . Actions | -11 -10 -9 -9 -7 -6 --------- Run | Yrd Mat Mat Min Zio Pro Total 2446 | 117 252 412 25 1540 100 Wait 252 | 16 . 33 . 190 13 Move 2032 | 84 183 337 24 1333 71 Hop . | . . . . . . Pick Up 43 | 8 19 8 1 7 . Fast Attach . | . . . . . . Attach 22 | 5 13 2 . . 2 Detach . | . . . . . . Swap 11 | . 3 3 . 4 1 Drop 20 | . 9 5 . 6 . Fire 66 | 4 25 24 . . 13 Melee . | . . . . . . Ram . | . . . . . . Kick . | . . . . . . Crush . | . . . . . . Escape Stasis . | . . . . . . Rewire . | . . . . . . Trap . | . . . . . . Miscellaneous . | . . . . . . Route ------- -11/Scrapyard -10/Materials (discovered 2 exits: *Mat x2) -9/Materials -9/Mines -7/Zion -6/Proximity Caves History --------- Turn | Location | Event 2 | -11/Scrapyard | Met Revision 17 84 | -11/Scrapyard | Discovered new exit (range 8) 128 | -11/Scrapyard | Entered Materials 281 | -10/Materials | Discovered new exit (range 14) 333 | -10/Materials | Build established: Mutant 373 | -10/Materials | Discovered new exit (range 3) 405 | -10/Materials | Entered another Materials area 405 | -9/Materials | Evolved 2 slots: Power x1, Utility x1 552 | -9/Materials | Discovered new exit (range 8) 801 | -9/Materials | Entered Mines 808 | -9/Mines | Received a Rocket Launcher from a helpful Derelict 819 | -9/Mines | A Derelict revealed a hidden shortcut to a safe place 825 | -9/Mines | Entered Zion 949 | -7/Zion | Learned Factory trap positions 1176 | -7/Zion | Given the Hacking Drone Bay 1182 | -7/Zion | Found Prototype Device 1183 | -7/Zion | Identified Hacking Drone Bay 1564 | -7/Zion | Imprinted 1566 | -7/Zion | Declared Zion's savior 1632 | -7/Zion | Found CR-A16's Pointy Stick 1763 | -7/Zion | Learned location of Armory (-3) 1778 | -7/Zion | Loaded intel: 5 derelict terminal locations 1796 | -7/Zion | Gained Derelict followers 1851 | -7/Zion | Learned location of Quarantine (-3) 2065 | -7/Zion | Discovered new exit (range 15) 2211 | -7/Zion | Found Prototype Device 2289 | -7/Zion | Entered Proximity Caves 2289 | -6/Proximity Caves | Accompanied by 1 ally 2361 | -6/Proximity Caves | Core integrity fell below 50% 2369 | -6/Proximity Caves | Identified Phasing AFG 2375 | -6/Proximity Caves | Lost 5 parts (2p1n2u) 2401 | -6/Proximity Caves | Core integrity fell below 20% 2406 | -6/Proximity Caves | Destroyed by S-27 Virus with Autogun Last Messages --------------- Destroyed Lgt. Angular Momentum Engine. G-50 Soldier destroyed. Rocket Launcher destroyed. G-50 Soldier destroyed. Adv. Heat Sink fries itself beyond repair. Hvy. Laser fries itself beyond repair. The unstable cave ceiling collapses. 2 Matter crushed. Destroyed Lgt. Antimatter Reactor. The unstable cave ceiling collapses. Adv. Assault Cannon destroyed. Adv. Beam Cannon destroyed. Critical hit (Burn: +37). The unstable cave ceiling collapses. Wheel destroyed. [Achievement: First Step to Greatness] The achievement interface (ESC then open Records) offers an effective way to explore all of your earned achievements as well as seek out new goals for future runs. Map ----- +----------------------------------------------------+ | ?????????????????????????????????????????????????? | | ?????????????????????????????????????????????????? | | ?????????????????????????????????????????????????? | | ?????????????????????????????????????????????????? | | ?????????????????????????????????????????????????? | | ?????????????????????????????????????????????????? | | ?????????????????????????????????????????????????? | | ?????????????????????????????????????????????????? | | ?????????????????????????????????????????????????? | | ?????????????????????????????????????????????????? | | ?????????????????????????????????????????????????? | | ?????????????????????????????????????????????????? | | ?????????????????????????????????????????????????? | | ?????????????????????????????????????????????????? | | ?????????????????????????????????????????????????? | | ?????????????????????????????????????????????????? | | ?????????????????????????????????????????????????? | | ?????????????????????????????????????????????????? | | ?????????????????????????????????????????????????? | | ?????????????????????????????????????????????????? | | ?????????????????????????????????????????????????? | | ?????????????????????????????????????????????????? | | ???????????????????####??????????????????????????? | | ?????????????????### ##???????? ????????? | | ????????????????## ###### ????????? | | ???????????????## @s #???????????????? | | ??????????????## ss #???????????????? | | ?????????????## ##### ##???????????????? | | ???????????### #???? ##????????????????? | | ???????????## ##????? #?????????????????? | | ???????????# ##??????? ##???????????????? | | ???????????# #????????? ##??????????????? | | ???????????# %# ##????????? ##?????????????? | | ??????????# #% ##???####???? ##????????????? | | ??????????## #???## ###### ##???????????? | | ???????????# #?### ##%* #### ####??? | | ???????????## % ### #"= $ ?? | | ????????????### # ## % ?? | | ??????????????" #### % #??????? | | ??????????????# ## ###??????? | | ??????????????# ## ##?# #????????? | | ??????????????# ### #######???# #??????? | | ??????????????" #?## #?????????? #?????? | | ??????????????# #??## #???????????# #?????? | | ?????????????## ##### #????????????## #?????? | | ????????????## # #??????????????? #????? | | ????????????# #???????????????? #????? | | ????????????# # ##???????????????? ????? | | ????????????## ##???????????????? ?????? | | ?????????????#### #??????????????????????? | +----------------------------------------------------+ Best States ------------- Heat Dissipation 28 Energy Generation 15 Energy Capacity 275 Matter Stores 479 Matter Capacity 500 Sight Range 16 Robot Scan Range 14 Terrain Scan Density 10 Evasion (%) 55 Item Schematics ----------------- Adv. Beam Cannon | -9/Materials | Scanalyzed 0b10 Decoder Chip [Looter] | -7/Zion | Archive Mak. Shrapnel Gun | -7/Zion | Archive Hvy. Ion Cannon | -7/Zion | Archive Hvy. Pick | -7/Zion | Archive Tactical Coordination Suite | -7/Zion | Free Slug Cannon | -7/Zion | Free Arc Thrower | -7/Zion | Free Drone Bay | -7/Zion | Archive Armor Integrity Analyzer | -7/Zion | Archive Tesla Rifle | -7/Zion | Archive Imp. Recalibrator | -7/Zion | Archive Imp. Shield Generator | -7/Zion | Archive Beamcaster | -7/Zion | Archive Kinecellerator | -7/Zion | Archive Thermal Shield | -7/Zion | Archive Shock Absorption System | -7/Zion | Archive Recalibrator | -7/Zion | Archive Robot Schematics ------------------ T-07 Excavator | -7/Zion | Archive L-41 Fighter | -7/Zion | Archive G-47 Trooper | -7/Zion | Archive Fabricated ------------ Nothing Alien Tech Used ----------------- None Achievements -------------- Everything Is Under Control First Step to Greatness One Hack Too Far Risk Taker Robot Respite Safety First The More The Merrier The One Tourist Uninvited Guest Challenges ------------ None Game ------ Seed InsulatedForcePlating Manual? 0 Play Time 01:36:03 Cumulative 1.5 hours Start 2024.04.18 @ 01:52:42 End 2024.04.18 @ 16:46:42 Sessions 3 Manual Loads 0 Difficulty Rogue Special Mode None Game No. 1 Rogue 1 Adventurer 0 Explorer 0 Win Type - Total 0 Types 0/0/0/0/0/0/0/0/0 Lore% 3 Gallery% 2 Achievement% 3 Wizard Run 0 Options --------- Layout 1 ASCII 0 Keyboard 0 Movement Numpad Keybinds 0 Fullscreen 1 Font 24/Smallcaps Map View 50x35 Zoom Use 1% Tactical HUD 0 Map Filters NONE Filters NONE Steam 1 RUN: 9c94791a-e15a-43e5-859d-45a4d4c3ac93